 Dungeon Crawl Stone Soup version 0.23-a0-446-g036aa52d93 (webtiles) character file.

7549 Ladeesh the Geomancer (level 11, -4/64 HPs)
             Began as a Gargoyle Earth Elementalist on Nov 18, 2018.
             Was a Priest of Vehumet.
             Slain by an orc warrior
             ... wielding a +0 scimitar
              (12 damage)
             ... on level 10 of the Dungeon.
             The game lasted 00:31:34 (10484 turns).

Ladeesh the Geomancer (GrEE)                       Turns: 10484, Time: 00:31:35

Health: -4/64      AC: 18    Str: 12    XL:     11   Next: 17%
Magic:  11/21      EV: 19    Int: 19    God:    Vehumet [***...]
Gold:   104        SH:  0    Dex: 10    Spells: 15/24 levels left

rFire    . . .     SeeInvis .   n - +5 short sword (drain)
rCold    . . .     Gourm    .   (no shield)
rNeg     + . .     Faith    .   c - +0 robe
rPois    ∞         Spirit   .   (no helmet)
rElec    +         Reflect  .   D - +0 cloak {rPois}
rCorr    .         Harm     .   f - +2 pair of gloves
MR       .....                  (no boots)
Stlth    ++........             (no amulet)
HPRegen  0.20/turn              z - +3 ring of protection
MPRegen  0.17/turn              r - +6 ring of evasion

@: no status effects
A: big wings, negative energy resistance 1, screaming 1, electricity resistance,
unbreathing, petrification resistance, rot immunity, AC +8
a: Fly, Renounce Religion


You were on level 10 of the Dungeon.
You worshipped Vehumet.
Vehumet was most pleased with you.
You were hungry.

You visited 2 branches of the dungeon, and saw 11 of its levels.

You collected 510 gold pieces.
You spent 406 gold pieces at shops.

Inventory:

Hand Weapons
 n - a +5 short sword of draining (weapon)
 q - a +2 whip of flaming
 B - a +0 mace of protection
Missiles
 b - 114 stones (quivered)
 v - 3 throwing nets
Armour
 c - a +0 robe (worn)
 f - a +2 pair of gloves (worn)
 D - a +0 cloak of poison resistance (worn)
Jewellery
 p - an uncursed ring of resist corrosion
 r - a +6 ring of evasion (right hand)
 t - an uncursed ring of see invisible
 y - an uncursed ring of magical power
 z - a +3 ring of protection (left hand)
 C - an uncursed ring of wizardry
Wands
 H - a wand of iceblast (6)
Scrolls
 a - a scroll of enchant weapon
 e - 3 scrolls of amnesia
 i - 3 scrolls of teleportation
 j - 2 scrolls of remove curse
 E - 2 scrolls of identify
 G - a scroll of blinking
Potions
 g - a potion of might
 h - 2 potions of agility
 k - 4 potions of resistance
 l - 2 potions of brilliance
 m - 2 potions of heal wounds
 o - 3 potions of lignification
 s - a potion of flight
 u - a potion of berserk rage
 w - a potion of haste
 x - a potion of cancellation
 A - 4 potions of curing
Comestibles
 d - 24 rations
 F - 2 chunks of flesh


   Skills:
 + Level 5.6 Fighting
 + Level 5.2 Maces & Flails
 + Level 5.6 Armour
 + Level 4.8 Dodging
 - Level 2.1 Stealth
 + Level 7.1 Spellcasting
 + Level 7.8 Conjurations
   Level 0.7 Transmutations
 + Level 9.8 Earth Magic
 + Level 1.7 Evocations


You had 15 spell levels left.
You knew the following spells:

 Your Spells              Type           Power        Failure   Level  Hunger
a - Sandblast             Erth           #####.       1%          1    None
b - Stone Arrow           Conj/Erth      #####.       1%          3    #......
c - Lee's Rapid Deconstr  Erth           #####.....   1%          5    #####..

Your spell library contained the following spells:

 Spells                   Type           Power        Failure   Level  Hunger
 Ignite Poison            Fire/Tmut/Pois #.......     7%          3    #......
 Passwall                 Tmut/Erth      ####....     1%          2    None
 Dazzling Spray           Conj/Hex       ###...       1%          3    #......
 Beastly Appendage        Tmut           #.....       8%          1    None
 Corona                   Hex            #......      10%         1    None
 Sticks to Snakes         Tmut           #.......     11%         2    None
 Petrify                  Tmut/Erth      ####....     12%         4    ###....
 Ensorcelled Hibernation  Hex/Ice        #.....       16%         2    None
 Spider Form              Tmut/Pois      #.........   26%         3    #......
 Confuse                  Hex            #.......     30%         3    #......
 Tukima's Dance           Hex            #.......     30%         3    #......
 Ice Form                 Ice/Tmut       #.......     65%         4    ###....
 Blade Hands              Tmut           #.........   90%         5    #####..


Dungeon Overview and Level Annotations

Branches:
Dungeon (10/15)            Temple (1/1) D:6            Lair (0/6) D:10
    Orc (0/2) D:9

Altars:
Ashenzari
Cheibriados
Dithmenos
Elyvilon
Fedhas
Gozag
Hepliaklqana
Kikubaaqudgha
Makhleb
Nemelex Xobeh
Okawaru
Qazlal
Ru
Sif Muna
Trog
Uskayaw
Vehumet
Wu Jian
Xom
Yredelemnul
Zin
The Shining One

Shops:
D:7 *   D:8 %   D:9 !

Annotations:
D:8 Maurice


Innate Abilities, Weirdness & Mutations

You are resistant to torment.
Your stone body is resilient. (AC +8)
You are immune to poison.
You resist negative energy. (rN+)
You are resistant to electric shocks. (rElec)
You can survive without breathing.
You are immune to petrification.
You are immune to rotting.
Your large and strong wings let you fly indefinitely.
You occasionally shout uncontrollably at your foes.


Message History

The orc warrior hits you with a +0 scimitar!
* * * LOW HITPOINT WARNING * * *
Casting: Sandblast (safe; 1% risk of failure)
Confirm with . or Enter, or press ? or * to list all spells.
Aiming: Sandblast (safe; 1% risk of failure)
Press: ? - help, Shift-Dir - straight line, f/p - orc warrior
Aim: an orc warrior, wielding a +0 scimitar and wearing a +0 chain mail The blast of sand hits the orc warrior.
The orc warrior is heavily wounded.
b - 115 stones The orc warrior hits you but does no damage.
Casting: Sandblast (safe; 1% risk of failure)
Confirm with . or Enter, or press ? or * to list all spells.
Aiming: Sandblast (safe; 1% risk of failure)
Press: ? - help, Shift-Dir - straight line, f/p - orc warrior
Aim: an orc warrior, wielding a +0 scimitar and wearing a +0 chain mail The blast of sand misses the orc warrior.
b - 114 stones The orc warrior hits you with a +0 scimitar!
You die...

#.........≈≈...
##.###≈.≈...... #.#
#≈.≈...... # #.#
#≈.≈..≈≈.. #.
###.###≈.≈..≈≈..
#.##...............
.....#.###≈....≈≈≈≈
#.#..#.# #≈........
#.#.@#.###≈....≈≈≈.
.
#...o..........###.
.. #.##.#.####..#.#
...#...)..##....#.#
.....##.........# .
........(.......
##.#.....###.##. #
#.##......# #.
#.)###.#


You could see an orc warrior.

Vanquished Creatures
  Pikel (D:4)
  An elephant (D:10)
  A centaur skeleton (D:8)
  A troll (D:10)
  A hippogriff (D:10)
  A human (D:9)
  7 yaks (D:9)
  3 hogs (D:9)
  A basilisk (D:10)
  2 hungry ghosts
  Duvessa (D:4)
  2 sky beasts
  An orc warrior (D:9)
  A phantom (D:3)
  7 ogres
  4 centaurs
  A crocodile (D:10)
  4 bullfrogs
  A wyvern zombie (D:7)
  Dowan (D:4)
  A water moccasin skeleton (D:5)
  5 scorpions
  10 killer bees
  3 electric eels
  6 howler monkeys
  4 crimson imps
  A quasit (D:9)
  6 hounds
  4 jellies
  Crazy Yiuf (D:7)
  2 bullfrog skeletons
  A bullfrog zombie (D:6)
  3 orc priests
  3 orc wizards
  Jessica (D:2)
  An iguana (D:6)
  5 worker ants
  2 hound skeletons
  A worker ant zombie (D:9)
  4 gnolls (D:4)
  19 adders
  A shadow imp (D:7)
  An ooze (D:2)
  2 adder skeletons (D:8)
  4 worms
  4 dart slugs
  5 leopard geckos
  25 orcs
  2 giant cockroaches
  10 goblins
  3 hobgoblins
  12 jackals
  4 quokkas
  2 ball pythons
  9 bats
  8 frilled lizards
  A giant cockroach zombie (D:5)
  A jackal skeleton (D:4)
  11 kobolds
  A leopard gecko skeleton (D:5)
  9 rats
240 creatures vanquished.

Vanquished Creatures (others)
  A hound (D:4)
  A jackal skeleton (D:4)
  A plant (D:6)
3 creatures vanquished.

Grand Total: 243 creatures vanquished

Notes
Turn   | Place    | Note
-------+----------+-------------------------------------------
     0 | D:1      | Ladeesh the Gargoyle Earth Elementalist began the quest for
                  | the Orb.
     0 | D:1      | Reached XP level 1. HP: 10/10 MP: 3/3
   227 | D:1      | Reached XP level 2. HP: 12/15 MP: 5/5
   314 | D:1      | Reached skill level 4 in Earth Magic
   994 | D:2      | Reached XP level 3. HP: 16/19 MP: 6/6
  1000 | D:2      | Learned a level 2 spell: Passwall
  1004 | D:2      | Learned a level 3 spell: Stone Arrow
  1397 | D:2      | Reached skill level 1 in Conjurations
  1507 | D:2      | Reached XP level 4. HP: 24/24 MP: 8/8
  1716 | D:2      | Found a blossoming altar of Fedhas.
  1730 | D:2      | Noticed Jessica
  1731 | D:2      | Killed Jessica
  2233 | D:3      | Reached skill level 5 in Earth Magic
  2233 | D:3      | Reached XP level 5. HP: 21/28 MP: 4/9
  2386 | D:3      | Learned a level 5 spell: Lee's Rapid Deconstruction
  2395 | D:3      | Noticed a phantom
  2406 | D:3      | Killed a phantom
  2573 | D:3      | Reached XP level 6. HP: 14/32 MP: 8/11
  3235 | D:4      | Noticed Dowan
  3236 | D:4      | Noticed Duvessa
  3239 | D:4      | Killed Dowan
  3247 | D:4      | Killed Duvessa
  3247 | D:4      | Reached skill level 6 in Earth Magic
  3247 | D:4      | Reached XP level 7. HP: 11/36 MP: 3/13
  3248 | D:4      | Noticed Pikel
  3264 | D:4      | Killed Pikel
  3264 | D:4      | Reached skill level 5 in Spellcasting
  3264 | D:4      | Reached skill level 5 in Conjurations
  3264 | D:4      | Reached skill level 7 in Earth Magic
  3264 | D:4      | Reached XP level 8. HP: 15/41 MP: 0/15
  3498 | D:4      | Found a deep blue altar of Sif Muna.
  3507 | D:4      | Found a burning altar of Makhleb.
  3509 | D:4      | Found an iron altar of Okawaru.
  4221 | D:4      | Reached skill level 1 in Armour
  4376 | D:5      | Entered Level 5 of the Dungeon
  4411 | D:5      | Reached skill level 1 in Fighting
  4424 | D:5      | Reached skill level 1 in Maces & Flails
  4424 | D:5      | Reached skill level 1 in Evocations
  4643 | D:5      | Found an opulent altar of Gozag.
  5113 | D:6      | Found a staircase to the Ecumenical Temple.
  5122 | Temple   | Entered the Ecumenical Temple
  5262 | Temple   | Became a worshipper of Vehumet
  5323 | D:6      | Reached XP level 9. HP: 43/48 MP: 17/17
  5858 | D:6      | Reached skill level 8 in Earth Magic
  5910 | D:6      | Found a glowing silver altar of Zin.
  5911 | D:6      | Noticed an angel
  6036 | D:7      | Found Haddis's General Store.
  6346 | D:7      | Reached * piety under Vehumet
  6346 | D:7      | Offered knowledge of Shock by Vehumet.
  7129 | D:7      | Found a runed door.
  7133 | D:7      | Noticed Crazy Yiuf
  7138 | D:7      | Killed Crazy Yiuf
  7382 | D:8      | Noticed Maurice
  7682 | D:8      | Gained mutation: You occasionally shout uncontrollably at
                  | your foes. [potion of mutation]
  7682 | D:8      | Gained mutation: Your large and strong wings let you fly
                  | indefinitely. [potion of mutation]
  7728 | D:8      | Found Nidar's Food Emporium.
  7741 | D:8      | Reached XP level 10. HP: 53/56 MP: 19/19
  8272 | D:9      | Reached ** piety under Vehumet
  8272 | D:9      | Offered knowledge of Magic Dart by Vehumet.
  8280 | D:9      | Reached skill level 9 in Earth Magic
  8643 | D:9      | Found Musm's Distillery.
  8651 | D:9      | Bought a potion of heal wounds for 70 gold pieces
  8651 | D:9      | Bought a potion of heal wounds for 70 gold pieces
  8651 | D:9      | Bought a potion of haste for 140 gold pieces
  8651 | D:9      | Bought a potion of curing for 42 gold pieces
  8651 | D:9      | Bought 2 potions of curing for 84 gold pieces
  8718 | D:9      | Found a staircase to the Orcish Mines.
  9026 | D:9      | Reached skill level 5 in Fighting
  9026 | D:9      | Reached skill level 5 in Armour
  9809 | D:10     | Entered Level 10 of the Dungeon
  9834 | D:10     | Found a staircase to the Lair.
  9834 | D:10     | Noticed an elephant
  9844 | D:10     | Offered knowledge of Ignite Poison by Vehumet.
  9846 | D:10     | Reached XP level 11. HP: 64/64 MP: 19/21
  9857 | D:10     | Reached skill level 5 in Maces & Flails
 10266 | D:10     | Reached *** piety under Vehumet
 10484 | D:10     | Slain by an orc warrior

Vault maps used:
D:1:      wander_arrival_peaceful_grave, dk_noncrumbling_3, minmay_pentomino_o4
D:2:      nicolae_overflow_crystal_walls, first_ration, minmay_cut_off,
          uniq_jessica
D:3:      serial_rivers, chequers_serial_rivers_micro_c,
          chequers_serial_rivers_small_3, chequers_serial_rivers_micro_c,
          chequers_serial_rivers_room_b
D:4:      minitemple, chequers_serial_rivers_micro_a, uniq_pikel, uniq_duvessa
D:5:      nicolae_gozag_seed_capital
D:6:      zin_angel, minmay_temple_entry_grid, serial_bayou,
          serial_bayou_pond_a, serial_bayou_crossing, serial_bayou_lagoon_a,
          serial_bayou_pond_b
D:7:      serial_shops, nicolae_shop_stone, minmay_circle_x,
          uniq_crazy_yiuf_cottage
D:8:      serial_shops, shop_coins, uniq_maurice
D:9:      orc_0_dummy, serial_shops, shop, grunt_livestock,
          minmay_misc_feat_cross
D:10:     david_lair_generic
Temple:   nicolae_temple_elliptical

Skill      XL: |  1  2  3  4  5  6  7  8  9 10 11 |
---------------+----------------------------------+-----
Earth Magic    | 4 5 6 7 8 9 |  9.8
Conjurations   | 1 2 3 5 6 7 |  7.8
Spellcasting   | 3 4 5 6 7 |  7.1
Armour         | 2 3 5 |  5.6
Fighting       | 2 3 5 |  5.6
Maces & Flails | 1 3 4 5 |  5.2
Evocations     | 1 |  1.7
Dodging        | 2 3 4 |  4.8
Stealth        | |  2.1
Transmutations | |  0.7

Action                   |  1- 3 |  4- 6 |  7- 9 | 10-12 || total
-------------------------+-------+-------+-------+-------++-------
Melee: Club              |    49 |       |       |       ||    49
       Rapier            |    67 |     9 |       |       ||    76
       Short sword       |       |   101 |   316 |   181 ||   598
 Cast: Sandblast         |     2 |    18 |    80 |    66 ||   166
       Stone Arrow       |       |     3 |    18 |     8 ||    29
       Lee's Rapid Decon |       |       |     3 |    10 ||    13
Evoke: Wand              |       |     4 |     6 |       ||    10
  Use: Scroll            |     3 |     7 |     8 |     2 ||    20
       Potion            |       |       |     2 |     2 ||     4
 Stab: Sleeping          |     5 |       |       |     3 ||     8
  Eat: Chunk             |     2 |     6 |    18 |     5 ||    31
       Ration            |       |       |       |     2 ||     2
Armor: Robe              |    60 |    33 |   138 |    90 ||   321
Dodge: Dodged            |   113 |    67 |   427 |   240 ||   847

Table legend:
 A = Non-vault XP
 B = Vault XP
 C = Vault XP percentage of total XP
 D = Non-vault monster count
 E = Vault monster count
 F = Vault count percentage of total count
                 A         B        C        D         E       F
            +---------+---------+-------+---------+---------+-------
      Total |    7548 |    3237 |  30.0 |     216 |      24 |  10.0
            +---------+---------+-------+---------+---------+-------
        D:1 |      20 |       2 |   9.1 |      14 |       2 |  12.5
        D:2 |      65 |      40 |  38.1 |      21 |       3 |  12.5
        D:3 |     250 |       0 |   0.0 |      36 |       0 |   0.0
        D:4 |     348 |     804 |  69.8 |      23 |       3 |  11.5
        D:5 |     640 |       0 |   0.0 |      17 |       0 |   0.0
        D:6 |     509 |     176 |  25.7 |      10 |       3 |  23.1
        D:7 |    1308 |     187 |  12.5 |      32 |       4 |  11.1
        D:8 |     953 |       0 |   0.0 |      14 |       0 |   0.0
        D:9 |    2599 |    1007 |  27.9 |      35 |       5 |  12.5
       D:10 |     856 |    1021 |  54.4 |      14 |       4 |  22.2
            +---------+---------+-------+---------+---------+-------
